 Dungeon Crawl Stone Soup version 0.31-a0-435-g2c6fae2916 (webtiles) character file.

Game seed: 3563504127757140601

75268 Jase the Metamorph (level 15, -11/129 HPs)
             Began as a Merfolk Shapeshifter on Aug 1, 2023.
             Was an Elder of Okawaru.
             Mangled by a merfolk aquamancer
             ... wielding a +0 rapier
              (12 damage)
             ... on level 2 of the Shoals.
             The game lasted 01:19:27 (22136 turns).

Jase the Metamorph (Merfolk Shapeshifter)          Turns: 22136, Time: 01:19:28

Health: -11/129    AC: 14    Str: 21    XL:     15   Next: 49%
Magic:  25/25      EV: 26    Int:  7    God:    Okawaru [****..]
Gold:   1758       SH:  0    Dex: 22    Spells: 14/14 levels left

rFire   . .          .
                       - Unarmed
rCold   . . .        (shield currently unavailable)
rNeg    + . .        a - melded +0 animal skin
rPois   .            N - melded +2 hat {Stlth+}
rElec   .            S - melded +1 cloak
rCorr   .            J - melded +0 pair of gloves
SInv    +            (boots currently unavailable)
Will    .....        w - amulet of reflection
Stlth   +            P - ring of Abruheh {rN+ SInv}
HPRegen 0.41/turn    c - +5 ring of evasion
MPRegen 0.19/turn

%: reflection
@: confused, lit by a corona, snake-form, weak-willed, afraid, heroic,
ambrosia-drunk, glowing, studying Ice Magic
A: constrict, boosted hp, large, (nimble swimmer 2), (mertail)
a: Begin Untransformation, Renounce Religion, Heroism, Finesse


You were on level 2 of the Shoals.
You worshipped Okawaru.
Okawaru was greatly pleased with you.
You were an enormous anaconda.
You visited 4 branches of the dungeon, and saw 20 of its levels.
You also visited: Sewer and Ossuary.

You collected 1944 gold pieces.
You spent 186 gold pieces at shops.

Inventory:

Missiles
 m - 33 poisoned darts (quivered)
 z - 2 darts of dispersal
 L - 3 atropa-tipped darts
 O - 8 curare-tipped darts
 Q - 5 throwing nets
 Y - 14 javelins
Armour
 a - a +0 animal skin (melded)
 J - a +0 pair of gloves (melded)
 N - a +2 hat of stealth (melded)
 S - a +1 cloak (melded)
Jewellery
 c - a +5 ring of evasion (right hand)
 w - an amulet of reflection (around neck)
 P - the ring of Abruheh (left hand) {rN+ SInv}
   (You found it on level 10 of the Dungeon)

   [ring of see invisible]

   rN:        It protects you from negative energy.
   SInv:      It lets you see invisible.
Talismans
 I - a serpent talisman (active)
 R - a maw talisman
 U - a blade talisman
Wands
 D - a wand of mindburst (6)
 H - a wand of flame (52)
 T - a wand of iceblast (22)
 X - a wand of digging (5)
Scrolls
 f - a scroll of identify
 g - a scroll of silence
 j - 3 scrolls of blinking
 k - a scroll of enchant weapon
 o - 2 scrolls of enchant armour
 t - a scroll of poison
 u - 2 scrolls of vulnerability
 B - 2 scrolls of fear
 C - 7 scrolls of teleportation
 F - 6 scrolls of amnesia
 M - a scroll of fog
Potions
 b - a potion of lignification
 d - 4 potions of heal wounds
 e - 5 potions of curing
 h - 4 potions of brilliance
 i - 5 potions of enlightenment
 l - a potion of attraction
 n - a potion of magic
 p - a potion of cancellation
 r - 4 potions of haste
 x - a potion of resistance
 A - 3 potions of berserk rage
 E - 3 potions of might
 G - 3 potions of invisibility
Miscellaneous
 q - a condenser vane
 V - a phial of floods
 W - a lightning rod (3/4)


   Skills:
 - Level 7.0(12.0) Fighting
 - Level 3.0(8.0) Throwing
 - Level 10.0(15.0) Dodging
 - Level 4.0(9.0) Stealth
 + Level 16.6(21.6) Unarmed Combat
 + Level 13.9 Invocations
 - Level 4.0 Evocations
 + Level 16.7 Shapeshifting


You had 14 spell levels left.
You didn't know any spells.
Your spell library contained the following spells:

 Spells                   Type           Power      Damage    Failure   Level
 Magic Dart               Conj           0%         1d3       43%         1
 Slow                     Hex            0%         N/A       43%         1
 Sting                    Tmut/Pois      0%         1d3       43%         1
 Cigotuvi's Dreadful Rot  Necr/Pois/Air  0%         N/A       56%         2
 Poisonous Vapours        Pois/Air       0%         N/A       56%         2
 Scorch                   Fire           0%         2d5       56%         2
 Static Discharge         Conj/Air       0%         2-2/arc   56%         2
 Confusing Touch          Hex            0%         N/A       80%         3
 Ignite Poison            Fire/Tmut/Pois 0%         N/A       80%         3
 Mephitic Cloud           Conj/Pois/Air  0%         N/A       80%         3
 Vampiric Draining        Necr           0%         2d6       80%         3
 Airstrike                Air            0%         2d(0-16)  99%         4
 Anguish                  Hex/Necr       0%         N/A       99%         4
 Cause Fear               Hex            0%         N/A       99%         4
 Dispel Undead            Necr           0%         3d6       99%         4
 Flame Wave               Conj/Fire      0%         2d4       99%         4
 Leda's Liquefaction      Hex/Erth       0%         N/A       99%         4
 Olgreb's Toxic Radiance  Pois           0%         N/A       99%         4
 Passage of Golubria      Tloc           0%         N/A       99%         4
 Sticky Flame             Conj/Fire      0%         2d3       99%         4
 Fireball                 Conj/Fire      0%         3d3       100%        5
 Freezing Cloud           Conj/Ice/Air   0%         6-21      100%        5
 Yara's Violent Unravell  Hex/Tmut       0%         3d3       100%        5
 Eringya's Noxious Bog    Tmut/Pois      0%         4d6       100%        6
 Enfeeble                 Hex            0%         N/A       100%        7
 Borgnjor's Revivificati  Necr           0%         N/A       100%        8
 Ignition                 Fire           0%         3d3       100%        8
 Death's Door             Necr           0%         N/A       100%        9
 Call Imp                 Summ           Unusable   N/A       N/A         2
 Tukima's Dance           Hex            Unusable   N/A       N/A         3
 Summon Lightning Spire   Summ/Air       Unusable   N/A       N/A         4
 Summon Forest            Summ/Tloc      Unusable   N/A       N/A         5
 Death Channel            Necr           Unusable   N/A       N/A         6
 Summon Cactus Giant      Summ           Unusable   N/A       N/A         6
 Haunt                    Necr/Summ      Unusable   N/A       N/A         7
 Summon Hydra             Summ           Unusable   N/A       N/A         7

Dungeon Overview and Level Annotations

Branches:
Dungeon (12/15)            Temple (0/1) D:7            Lair (4/5) D:11
 Shoals (2/4) Lair:3        Snake (0/4) Lair:3        Slime (0/5) Lair:4
    Orc (2/2) D:10            Elf (0/3) Orc:2         Sewer (visited)
Ossuary (visited)

Altars:
Ashenzari
Cheibriados
Fedhas
Hepliaklqana
Makhleb
Nemelex Xobeh
Okawaru
Trog
Uskayaw
Wu Jian
Xom
Yredelemnul
Zin
The Shining One

Shops:
D:1 *   D:5 *   D:9 *   Shoals:2 *

Annotations:
D:3 1 runed translucent door, 1 exclusion, Crazy Yiuf
D:4 2 transporters, quinnr's ghost, amateur TeAE
D:7 5 exclusions
Shoals:1 2 runed translucent doors, Ifrazul's ghost, journeyman MiFi


Innate Abilities, Weirdness & Mutations

You are an enormous anaconda.
You have a powerful constriction melee attack.
Your maximum health is increased.
Your armour is entirely melded.
You are incapable of wielding weapons or throwing items.
((You are very nimble when in or above water. (Stealth+, EV+, Speed+++)))
((Your lower body shifts to a powerful aquatic tail in water.))


Message History

You feel much better.
* * * LOW HITPOINT WARNING * * *
Your lungs strain for air!
The satyr plays a rousing melody on its pipes!
The fauns go into a battle-frenzy!
The water engulfing you falls away.
You gasp with relief as air once again reaches your lungs.
The faun misses you. x2; The manticore barely misses you.
The manticore misses you. x2; The merfolk barely misses you. x2
You body-slam the manticore!!
The manticore is heavily wounded.
The satyr plays a lulling melody on its pipes!
You fall asleep.
The merfolk aquamancer hits you but does no damage.
The faun gestures at you while chanting.
Your willpower is stripped away!
The faun hits you from afar with a +0 spear!
You wake up.
* * * LOW HITPOINT WARNING * * *
Unknown command.
Okay, then.
You are too confused!
The satyr attacks as you move away!
The satyr unwields a +0 longbow.
The satyr wields a +2 heavy spear.
The satyr hits you with a +2 heavy spear!
* * * LOW HITPOINT WARNING * * *
You enter the shallow water.
The faun unwields a +0 club.
The faun wields a +0 sling.
The faun shoots a sling bullet.
The sling bullet hits you but does no damage.
The manticore completely misses you. x2; The manticore closely misses you.
The faun completely misses you.
You're too confused to move!
The merfolk closely misses you. The manticore bites you!
* * * LOW HITPOINT WARNING * * *
The manticore completely misses you. The manticore closely misses you.
The satyr hits you from afar with a +2 heavy spear!
* * * LOW HITPOINT WARNING * * *
The merfolk hits you but does no damage.
The merfolk aquamancer hits you with a +0 rapier!
You die...

≈≈≈~~~~..# .~~ ≈≈≈~~~~~.#
~~~ ≈≈≈≈~~~~~~. ~~~~
≈≈≈≈≈≈≈≈≈≈~~~~.# .~~~~
≈≈≈≈≈≈~~~~~~~..##.~~~~
≈≈~~~~~~~~~~~~...mc.~~~~,
≈ ≈~~~~~~~~~~~~~~Hc.~=~~~
≈≈ ~~~(..~~~~~~~SmEE~~~~~
~~~
.....~~~~~~~~cc~~..~~~
~~. ..#.~~~~~~~~~m~....~
~~. #.#.~~..~~~~~~..###.
~~.###.##.....~~≈≈~..#
~~.~##.).[~<)†~~≈~...#
~~.~...).~~~~~~~~~.....
~~~..~.))..~~))~~....~~~
~~~)().##[..~~~~~...~...


You could see a satyr (scary), a merfolk aquamancer, 2 merfolk, 3 fauns, a
manticore and 2 water elementals.

Vanquished Creatures
  Gastronok (D:11)
  A storm dragon (D:12)
  A frost giant (D:12)
  An orc warlord (D:12)
  Azrael (D:12)
  Snorg (Lair:4)
  An ettin (D:12)
  2 merfolk impalers
  Harold (D:11)
  6 hydras
  2 centaur warriors (D:12)
  2 boulder beetles (D:12)
  5 two-headed ogres
  Urug (Orc:1)
  3 sea snakes
  4 skysharks
  The ghost of LeprechaunX the Insei, a novice OpSh (D:8)
  A wizard (D:12)
  A lindwurm (Lair:3)
  A manticore (Shoals:1)
  A salamander (Lair:3)
  5 cyclopes
  3 ugly things
  9 elephants
  A faun (Shoals:1)
  4 merfolk sirens
  A water nymph (Shoals:1)
  4 black mambas
  18 cane toads
  An unseen horror (D:12)
  10 komodo dragons
  A gargoyle (D:11)
  A freezing wraith (D:10)
  3 rime drakes
  5 trolls
  15 merfolk
  A wind drake (Shoals:2)
  A hornet (D:9)
  10 blink frogs (Lair:3)
  Sigmund (D:2)
  4 dream sheep (Lair:4)
  12 slime creatures (D:12)
  3 wraiths
  3 water elementals
  11 wyverns
  2 shadows (D:11)
  A vampire (D:9)
  54 yaks
  2 fire elementals (D:12)
  A basilisk (Lair:2)
  12 vampire mosquitoes
  A steam dragon (D:7)
  A warg (Orc:2)
  Menkaure (D:6)
  2 acid dragons
  13 water moccasins
  2 hell hounds (D:12)
  10 orc warriors
  Pargi (Sewer)
  An ice beast (D:6)
  A sky beast (D:8)
  4 black bears
  7 wolves
  8 ogres
  6 centaurs
  5 kobold brigands
  16 bullfrogs
  5 gnoll sergeants (D:10)
  3 scorpions
  16 wights
  20 killer bees
  An electric eel (Lair:3)
  11 howler monkeys
  3 lava snakes (Lair:3)
  13 jellies
  A hound (D:4)
  2 gnoll boudas
  9 orc priests
  An iguana (D:5)
  Natasha (thrice) (D:2)
  13 orc wizards
  A mummy (D:6)
  24 gnolls
  8 adders
  2 adder zombies (Ossuary)
  2 worms (D:2)
  3 dart slugs (D:3)
  46 orcs
  9 bats
  6 endoplasms
  3 giant cockroaches
  9 goblins
  12 hobgoblins
  12 jackals
  24 kobolds
  2 quokkas
  8 ball pythons
  4 frilled lizards
  2 hobgoblin skeletons (Ossuary)
  A hobgoblin zombie (Ossuary)
  An orc skeleton (Ossuary)
  2 orc zombies (Ossuary)
  10 rats
  A butterfly (D:4)
609 creatures vanquished.

Vanquished Creatures (others)
  A merfolk avatar (Shoals:2)
  A merfolk aquamancer (Shoals:2)
  Maurice (D:11)
  An orc wizard (D:5)
4 creatures vanquished.

Grand Total: 613 creatures vanquished

Notes
Turn   | Place    | Note
-------+----------+-------------------------------------------
     0 | D:1      | Jase the Merfolk Shapeshifter began the quest for the Orb.
     0 | D:1      | Reached XP level 1. HP: 15/15 MP: 1/1
    60 | D:1      | Found Juisoo's Assorted Antiques.
   128 | D:1      | Reached XP level 2. HP: 21/21 MP: 2/2
   235 | D:1      | Reached XP level 3. HP: 16/26 MP: 3/3
   298 | D:1      | Found a faded altar of an unknown god.
   313 | D:1      | Prayed at the altar of an unknown god.
   313 | D:1      | Became a worshipper of Warmaster Okawaru
   313 | D:1      | Reached * piety under Okawaru
   836 | D:2      | Reached skill level 1 in Invocations
   845 | D:2      | Noticed Natasha
   845 | D:2      | Noticed Sigmund
   847 | D:2      | Reached XP level 4. HP: 32/32 MP: 4/4
   916 | D:3      | Found a glowing drain.
   933 | Sewer    | Entered a sewer
   990 | Sewer    | Noticed Pargi
  1007 | Sewer    | Killed Pargi
  1008 | Sewer    | Reached skill level 5 in Shapeshifting
  1008 | Sewer    | Reached XP level 5. HP: 37/37 MP: 2/6
  1321 | D:3      | Found a runed translucent door.
  1322 | D:3      | Noticed Crazy Yiuf
  1698 | D:3      | Reached skill level 5 in Unarmed Combat
  2070 | D:4      | Reached ** piety under Okawaru
  2071 | D:4      | Reached XP level 6. HP: 36/43 MP: 6/8
  2125 | D:4      | Found a shimmering altar of Xom.
  2547 | D:4      | Reached XP level 7. HP: 30/48 MP: 9/9
  2639 | D:4      | Identified the +4 great mace of Amo Hiat {freeze, +Blink}
  2642 | D:4      | Found a transporter.
  2646 | D:4      | Noticed quinnr's ghost (amateur TeAE)
  2657 | D:4      | Found a transporter.
  2910 | D:2      | Killed Natasha
  3135 | D:5      | Entered Level 5 of the Dungeon
  3180 | D:5      | Reached skill level 1 in Throwing
  3348 | D:5      | Found a burning altar of Makhleb.
  3547 | D:5      | Found Katef's Assorted Antiques.
  3556 | D:5      | Bought a thick silver amulet for 140 gold pieces
  3762 | D:5      | Reached XP level 8. HP: 50/54 MP: 10/10
  3763 | D:5      | Reached *** piety under Okawaru
  4097 | D:6      | Found a hazy altar of Hepliaklqana.
  4097 | D:6      | Found an iron altar of Okawaru.
  4097 | D:6      | Found a glowing silver altar of Zin.
  4097 | D:6      | Found a sparkling altar of Nemelex Xobeh.
  4279 | D:6      | Found a hide-covered altar of Uskayaw.
  4580 | D:6      | Noticed Menkaure
  4588 | D:6      | Killed Menkaure
  4638 | D:6      | Found a blossoming altar of Fedhas.
  4744 | D:6      | Found a snail-covered altar of Cheibriados.
  5026 | D:7      | Found an ornate altar of the Wu Jian Council.
  5064 | D:7      | Noticed a wyvern
  5072 | D:7      | Killed a wyvern
  5110 | D:7      | Reached XP level 9. HP: 34/59 MP: 8/11
  5115 | D:7      | Received a gift from Okawaru
  5250 | D:7      | Found a sand-covered staircase.
  5299 | Ossuary  | Entered an ossuary
  5518 | Ossuary  | Reached **** piety under Okawaru
  5703 | Ossuary  | Reached skill level 10 in Shapeshifting
  5910 | D:2      | Noticed Natasha
  5918 | D:2      | Killed Natasha
  5960 | D:2      | Noticed Natasha
  5967 | D:2      | Killed Natasha
  6112 | D:2      | Killed Sigmund
  6113 | D:2      | Reached skill level 10 in Unarmed Combat
  6478 | D:7      | Found a bloodstained altar of Trog.
  6712 | D:7      | Found a staircase to the Ecumenical Temple.
  6930 | D:8      | Reached ***** piety under Okawaru
  6931 | D:8      | Reached XP level 10. HP: 69/70 MP: 12/12
  7078 | D:8      | Found a runed translucent door.
  7078 | D:8      | Noticed LeprechaunX's ghost (novice OpSh)
  7111 | D:8      | Reached skill level 5 in Dodging
  7319 | D:8      | Received a gift from Okawaru
  7786 | D:8      | Killed LeprechaunX's ghost
  7787 | D:8      | Reached skill level 5 in Invocations
  7933 | D:9      | Reached skill level 5 in Fighting
  7959 | D:9      | Found Ehumm's Assorted Antiques.
  7967 | D:9      | Bought a scroll of identify for 46 gold pieces
  8221 | D:9      | Reached XP level 11. HP: 80/80 MP: 15/15
  8350 | D:9      | Received a gift from Okawaru
  8777 | D:9      | Noticed a two-headed ogre
  8799 | D:9      | Killed a two-headed ogre
  9282 | D:9      | Found a glowing golden altar of the Shining One.
  9288 | D:9      | Found a basalt altar of Yredelemnul.
  9290 | D:9      | Noticed a profane servitor
  9455 | D:9      | Noticed an angel
  9482 | D:10     | Entered Level 10 of the Dungeon
  9519 | D:10     | Identified the +0 ring mail of the Valley {rF+ Regen+}
                  | (Okawaru gifted it to you on level 10 of the Dungeon)
  9519 | D:10     | Received a gift from Okawaru
  9522 | D:10     | Noticed a cyclops
  9529 | D:10     | Killed a cyclops
  9544 | D:10     | Noticed a purple ugly thing
  9551 | D:10     | Killed a purple ugly thing
  9780 | D:10     | Identified the ring of Abruheh {rN+ SInv}
  9793 | D:10     | Noticed a cyclops
  9800 | D:10     | Killed a cyclops
 10060 | D:10     | Found a staircase to the Orcish Mines.
 10124 | D:10     | Reached XP level 12. HP: 53/88 MP: 17/17
 10558 | D:10     | Found a broken altar of Ashenzari.
 10992 | D:11     | Found a staircase to the Lair.
 11167 | D:11     | Got the Folio of Pyromancy and the Valley
 11463 | D:11     | Noticed Harold
 11625 | D:11     | Found a transporter.
 11659 | D:11     | Found a transporter.
 11683 | D:11     | Noticed Gastronok
 11705 | D:11     | Killed Gastronok
 11916 | D:11     | Noticed Maurice
 11929 | D:11     | Killed Maurice
 11976 | Lair:1   | Entered Level 1 of the Lair of Beasts
 12136 | Lair:1   | Reached skill level 1 in Stealth
 12308 | Lair:1   | Noticed a four-headed hydra
 12317 | Lair:1   | Killed a four-headed hydra
 12619 | Lair:1   | Identified the +0 chain mail "Toycorr" {rElec rN++ Will-
                  | Stlth+} (Okawaru gifted it to you on level 1 of the Lair of
                  | Beasts)
 12619 | Lair:1   | Received a gift from Okawaru
 13105 | Lair:2   | Reached XP level 13. HP: 93/93 MP: 20/20
 13170 | Lair:2   | Reached skill level 10 in Invocations
 14541 | Lair:3   | Identified the +3 triple sword of Usyoppao {spect, rF-
                  | Will+ Int+3 Dex+2} (Okawaru gifted it to you on level 3 of
                  | the Lair of Beasts)
 14541 | Lair:3   | Received a gift from Okawaru
 14667 | Lair:3   | Reached skill level 1 in Evocations
 14679 | Lair:3   | Found a hazy altar of Hepliaklqana.
 14746 | Lair:3   | Found a staircase to the Snake Pit.
 14904 | Lair:3   | Found a staircase to the Shoals.
 15437 | Lair:3   | Reached XP level 14. HP: 93/103 MP: 19/22
 15441 | Lair:3   | Reached skill level 10 in Dodging
 16195 | Lair:4   | Found a staircase to the Slime Pits.
 16218 | Lair:4   | Identified the +1 chain mail of Pathos {rPois} (Okawaru
                  | gifted it to you on level 4 of the Lair of Beasts)
 16218 | Lair:4   | Received a gift from Okawaru
 16314 | Lair:4   | Noticed Snorg
 16343 | Lair:4   | Killed Snorg
 16344 | Lair:4   | Reached skill level 15 in Shapeshifting
 16372 | Lair:4   | Reached skill level 15 in Unarmed Combat
 17291 | Orc:1    | Entered Level 1 of the Orcish Mines
 17571 | Orc:1    | You fall into a shaft and drop 1 floor!
 17571 | Orc:2    | Entered Level 2 of the Orcish Mines
 17575 | Orc:2    | Found a staircase to the Elven Halls.
 17755 | Orc:1    | Noticed Urug
 17790 | Orc:1    | Killed Urug
 18378 | D:12     | Noticed a frost giant
 18382 | D:12     | Killed a frost giant
 18657 | D:12     | Identified a scroll of acquirement
 18663 | D:12     | Acquired 574 gold pieces
 18686 | D:12     | Received a gift from Okawaru
 18823 | D:12     | Received a gift from Okawaru
 18868 | D:11     | Killed Harold
 19411 | D:12     | Reached XP level 15. HP: 108/108 MP: 24/24
 19412 | D:12     | Noticed an orc warlord
 19421 | D:12     | Killed an orc warlord
 19624 | D:12     | Identified the staff "Raurch" {rPois Earth}
 19812 | D:12     | Noticed Azrael
 19825 | D:12     | Killed Azrael
 19867 | D:12     | Noticed a storm dragon
 19879 | D:12     | Killed a storm dragon
 20255 | Shoals:1 | Entered Level 1 of the Shoals
 20295 | Shoals:1 | Found a large runed translucent door.
 20295 | Shoals:1 | Found a large runed translucent door.
 20565 | Shoals:1 | Noticed Ifrazul's ghost (journeyman MiFi)
 21733 | Shoals:2 | Found Qinoamie's General Store.
 21857 | Shoals:2 | Received a gift from Okawaru
 22129 | Shoals:2 | Received a gift from Okawaru
 22136 | Shoals:2 | HP: 1/129 [satyr/+2 heavy spear (12)]
 22136 | Shoals:2 | Mangled by a merfolk aquamancer

Illustrated notes

Levels and vault maps discovered:
D:1:      lemuel_arrival_cross, layout_rooms, serial_shops, shop,
          hellmonk_ecumenical_altar_zigzags, minmay_tromino_i4
D:2:      layout_rooms, uniq_sigmund, uniq_natasha
D:3:      layout_basic, cheibrodos_sewer_entry_drain, uniq_crazy_yiuf_cottage
D:4:      layout_rooms, xom_butterflies, gammafunk_ghost_smash
D:5:      cheibrodos_iron_armory, layout_rooms,
          mainiacjoe_overflow_concentric_impassable, serial_shops,
          nicolae_shop_trees, hangedman_decor_peaks_small
D:6:      layout_loops_ring, chequers_temple_overflow_statue_of_worship,
          mainiacjoe_overflow_24_doors, slow_altar_2,
          mainiacjoe_overflow_chevrons, nicolae_elevator_lobby_asterisk,
          uniq_menkaure
D:7:      layout_basic, mainiacjoe_overflow_alcove_4, overflow_temple_1_default,
          temple_fountains, nicolae_ossuary_entry_ruins, minmay_crystal_room
D:8:      layout_loops_ring, hellmonk_ghost_happy_afterlife, chequers_avenue,
          hangedman_abyss_or_decor_stabs
D:9:      layout_loops_corners, grunt_temple_overflow_holy_war, serial_shops,
          shop, minmay_starry_boxes
D:10:     layout_small_grid, kennysheep_mini,
          kennysheep_orc_monster_closet_entryway, minmay_misc_feat_ornament,
          kb_rosetta
D:11:     layout_basic, david_lair_generic, nicolae_diode_stairs, uniq_maurice,
          uniq_harold, uniq_gastronok
D:12:     minmay_chopped_fan, layout_basic, uniq_azrael
Lair:1:   cheibrodos_lair_river_kwai, layout_big_grid, grunt_megastairs_1
Lair:2:   layout_misc_corridors, st_stairs_11, minivault_27
Lair:3:   nzn_winding_woodlands_cross [nzn_winding_woodlands_5x15_crooked,
          nzn_winding_woodlands_5x15_jagged,
          nzn_winding_woodlands_5x15_concentric,
          nzn_winding_woodlands_5x15_sawtooth,
          nzn_winding_woodlands_15x15_eel_pit], layout_chaotic_city,
          elwin_shoals_entry_stream, nicolae_snake_entry_warm_welcome,
          chequers_serial_rivers_micro_c, lemuel_centaur_altar
Lair:4:   beargit_carnivore_pack, layout_cave_shapes,
          minmay_slime_entry_jelly_boxes, st_stairs_9
Shoals:1: layout_shoals, ebering_ghost_disaster_area
Shoals:2: layout_shoals, nicolae_specific_store
Orc:1:    layout_caves, nicolae_orc_pool_cavern, uniq_urug
Orc:2:    pf_orc_diabolical, layout_caves, basic_altar,
          nicolae_orc_crystal_geode

Skill      XL: |  1  2  3  4  5  6  7  8  9 10 11 12 13 14 15 |
---------------+----------------------------------------------+-----
Unarmed Combat | 4 5 6 7 8 10 11 12 13 14 15 16 | 16.6
Invocations    | 1 2 3 5 7 9 11 13 | 13.9
Shapeshifting  | 5 6 7 9 10 11 12 13 14 16 | 16.7
Throwing       | 1 3 |  3.0
Dodging        | 3 4 7 9 10 | 10.0
Fighting       | 3 5 6 7 |  7.0
Stealth        | 3 4 |  4.0
Evocations     | 2 4 |  4.0

Action                     |  1- 3 |  4- 6 |  7- 9 | 10-12 | 13-15 || total
---------------------------+-------+-------+-------+-------+-------++-------
  Melee: Unarmed           |   105 |    96 |   264 |   512 |   873 ||  1850
         Punch             |     2 |     6 |    15 |    18 |   109 ||   150
         Constrict         |       |       |     8 |    79 |    28 ||   115
         Maw               |       |       |       |    54 |   219 ||   273
         Tailslap          |       |       |       |     3 |     3 ||     6
  Throw: Dart              |       |     5 |     7 |       |     5 ||    17
         Javelin           |       |       |       |       |     4 ||     4
 Invoke: Heroism           |       |     1 |     4 |     7 |    26 ||    38
         Finesse           |       |       |       |       |     4 ||     4
  Evoke: Lightning rod     |       |       |       |       |     1 ||     1
    Use: Potion            |       |     2 |     1 |     2 |     5 ||    10
         Scroll            |       |     5 |     3 |     6 |    14 ||    28
   Stab: Sleeping          |     3 |     3 |    10 |     8 |    13 ||    37
         Distracted        |       |       |     2 |     1 |     6 ||     9
 Armour: Animal skin       |    20 |     5 |    11 |       |       ||    36
         Skin              |       |    14 |     8 |    46 |    61 ||   129
  Dodge: Dodged            |    65 |    48 |   111 |   264 |   633 ||  1121
  Block: Other             |       |       |    28 |    72 |   143 ||   243
         Reflection        |       |       |     2 |     2 |     8 ||    12
   Form: Anaconda          |       |       |     1 |       |     1 ||     2
         Maw               |       |       |       |     1 |     1 ||     2
         Blade             |       |       |       |       |     1 ||     1

Table legend: (Time is in decaauts)
 A = Elapsed time spent in this place.
 B = Non-inter-level travel time spent in this place.
 C = Inter-level travel time spent in this place.
 D = Time resting spent in this place.
 E = Time spent auto-exploring this place.
 F = Levels seen in this place.
 G = Mean time per level.
                   A        B        C        D        E       F      G
               +--------+--------+--------+--------+--------+-----+--------+
         Total |  21607 |  20133 |   1474 |   5281 |  10127 |  22 |  982.1 |
       Dungeon |  13322 |  12285 |   1037 |   2749 |   6913 |  12 | 1110.2 |
          Lair |   5129 |   4775 |    354 |   1460 |   2152 |   4 | 1282.2 |
        Shoals |   1837 |   1786 |     51 |    770 |    502 |   2 |  918.5 |
  Orcish Mines |    683 |    652 |     31 |     26 |    394 |   2 |  341.5 |
         Sewer |    145 |    145 |      0 |     33 |     71 |   1 |  145.0 |
       Ossuary |    490 |    490 |      0 |    243 |     93 |   1 |  490.0 |
               +--------+--------+--------+--------+--------+-----+--------+

Top non-repeatable levels by time:
  Lair:3: 2143 daAuts
    D:12: 1776 daAuts
     D:9: 1723 daAuts
Shoals:1: 1581 daAuts
    D:10: 1418 daAuts
  Lair:1: 1310 daAuts
    D:11: 1264 daAuts
     D:3: 1128 daAuts
     D:8: 1089 daAuts
     D:6: 945 daAuts
     D:4: 898 daAuts
     D:5: 881 daAuts
  Lair:2: 852 daAuts
  Lair:4: 822 daAuts
     D:1: 788 daAuts
